 Dungeon Crawl Stone Soup version 0.31-a0-963-ga325b2283a (webtiles) character file.

Game seed: 3952779300888002102

494 IdlyInterested the Trooper (level 6, -5/48 HPs)
             Began as a Demonspawn Fighter on Oct 24, 2023.
             Killed from afar by Dowan (8 damage)
             ... with a stone arrow
             ... on level 4 of the Dungeon.
             The game lasted 00:11:59 (3093 turns).

IdlyInterested the Trooper (Demonspawn Fighter)     Turns: 3093, Time: 00:12:00

Health: -5/48      AC: 11    Str: 19    XL:     6   Next: 92%
Magic:  7/7        EV:  7    Int: 15    God:
Gold:   167        SH:  5    Dex: 14    Spells: 7/7 levels left

rFire   . .          .
                       - Unarmed
rCold   . . .        b - +0 buckler
rNeg    . . .        h - +0 chain mail
rPois   .            w - +0 helmet
rElec   .            n - +0 cloak
rCorr   .            (no gloves)
SInv    .            (no boots)
Will    .....        (no amulet) Stlth
                     r - +6 ring of intelligence
HPRegen 0.28/turn    (no ring)
MPRegen 0.20/turn

%: no passive effects
@: hasted, very quick
A: claws 1, thin skeletal structure 1, ignite blood 1, magic regeneration
a: no special abilities


You were on level 4 of the Dungeon.
You visited 1 branch of the dungeon, and saw 4 of its levels.

You collected 167 gold pieces.

Inventory:

Hand Weapons
 e - a +0 dagger
 l - a +0 hand axe
 m - a +0 spear
 u - a +0 mace
 v - a +0 dagger of venom
 x - a +0 long sword
Missiles
 k - 8 stones (quivered)
 q - 4 poisoned darts
Armour
 b - a +0 buckler (worn)
 h - a +0 chain mail (worn)
 n - a +0 cloak (worn)
 w - a +0 helmet (worn)
Magical Staves
 a - a staff of cold
Jewellery
 r - a +6 ring of intelligence (left claw)
Talismans
 g - a flux talisman
Wands
 d - a wand of paralysis (2)
Scrolls
 f - a scroll of revelation {unknown}
 j - a scroll of blinking {unknown}
 p - a scroll of fog {unknown}
 t - a scroll of teleportation {unknown}
Potions
 i - 2 potions of attraction
 s - a potion of heal wounds {unknown}
 z - a potion of lignification {unknown}
 A - a potion of degeneration {unknown}


   Skills:
 - Level 4.1 Fighting
 - Level 1.0 Throwing
 - Level 3.0 Armour
 - Level 1.0 Dodging
 + Level 0.4 Stealth
 - Level 3.0 Shields
 * Level 4.0 Unarmed Combat
 - Level 1.0 Spellcasting
 - Level 1.0 Evocations
 * Level 2.9 Shapeshifting


You had 7 spell levels left.
You didn't know any spells.
Your spell library contained the following spells:

 Spells                   Type           Power      Damage    Failure   Level
 Sting                    Tmut/Pois      0%         1d3       95%         1
 Ensorcelled Hibernation  Hex/Ice        0%         N/A       99%         2
 Passwall                 Tmut/Erth      0%         N/A       99%         2
 Hailstorm                Conj/Ice       0%         3d3       100%        3
 Swiftness                Air            0%         N/A       100%        3
 Summon Ice Beast         Ice/Summ       0%         N/A       100%        4
 Simulacrum               Ice/Necr       0%         N/A       100%        6


Dungeon Overview and Level Annotations

Branches:
Dungeon (4/15)
 Temple: D:4-7

Altars:
Trog

Annotations:
D:4 Dowan


Innate Abilities, Weirdness & Mutations

You have sharp fingernails.
You have a somewhat thin skeletal structure. (Dex +2, Stealth+)
Your demonic aura sometimes causes spilled blood to erupt in flames.
You regenerate magic rapidly.


Message History

You block the scorpion's attack. Dowan casts a spell at you.
The shard of ice hits you!
The scorpion stings you but does no damage.
You scratch the scorpion but do no damage.
The scorpion is moderately wounded.
The scorpion stings you but does no damage.
Dowan gestures wildly while chanting.
Dowan blinks!
You scratch the scorpion.
The scorpion is heavily wounded.
You block the scorpion's attack.
You scratch the scorpion.
The scorpion is severely wounded.
You block the scorpion's attack.
You barely miss Dowan.
Dowan is severely wounded.
The scorpion stings you.
Dowan gestures wildly while chanting.
Dowan blinks!
You scratch the scorpion.
The scorpion is almost dead.
You block the scorpion's attack.
You claw the scorpion!
You kill the scorpion!
Dowan mumbles some strange words.
Dowan blinks!
Your Unarmed Combat skill increases to level 4!
Dowan hits you with a +0 dagger. Dowan gestures at you while chanting.
The stone arrow hits you!
* * * LOW HITPOINT WARNING * * *
You scratch Dowan but do no damage.
Dowan is severely wounded.
Dowan casts a spell.
Dowan blinks!
It was a potion of haste.
You feel yourself speed up. Dowan casts a spell at you.
The stone arrow hits you!
You die...

#. .. ..## ..
#.##......... ...#
#............
....##............
........... ....
.##........##..#
...........e..###
...........@....#
........†.......##
....?............#
######...........#
#..........##
#..........#
#.$......###
#>.).##### #<....#


You could see Dowan (fast).

Vanquished Creatures
  Duvessa (D:4)
  2 scorpions
  Crazy Yiuf (D:3)
  Ijyb (D:3)
  Natasha (thrice) (D:3)
  Robin (D:3)
  A gnoll (D:1)
  5 adders (D:2)
  2 worms (D:3)
  A dart slug (D:2)
  An orc (D:3)
  4 ball pythons
  5 endoplasms
  A giant cockroach (D:1)
  16 goblins
  5 hobgoblins (D:3)
  7 kobolds
  4 quokkas
  9 bats
  2 frilled lizards (D:1)
  7 rats
79 creatures vanquished.

Notes
Turn   | Place    | Note
-------+----------+-------------------------------------------
     0 | D:1      | IdlyInterested the Demonspawn Fighter began the quest for
                  | the Orb.
     0 | D:1      | Reached XP level 1. HP: 18/18 MP: 1/1
   241 | D:1      | Gained mutation: You have a somewhat thin skeletal
                  | structure. (Dex +2, Stealth+) [demonic ancestry]
   241 | D:1      | Reached XP level 2. HP: 12/24 MP: 2/2
   685 | D:2      | Gained mutation: You regenerate magic rapidly. [demonic
                  | ancestry]
   685 | D:2      | Reached XP level 3. HP: 25/30 MP: 3/3
   921 | D:2      | Found a bloodstained altar of Trog.
  1076 | D:2      | Reached skill level 1 in Dodging
  1076 | D:2      | Gained mutation: You have sharp fingernails. [demonic
                  | ancestry]
  1076 | D:2      | Reached XP level 4. HP: 37/37 MP: 4/4
  1494 | D:3      | Identified the of Horum
  1739 | D:3      | Noticed Ijyb
  1741 | D:3      | Paralysed by Ijyb for 5 turns
  1751 | D:3      | Paralysed by Ijyb for 3 turns
  1755 | D:3      | Paralysed by Ijyb for 2 turns
  1760 | D:3      | Paralysed by Ijyb for 3 turns
  1769 | D:3      | Paralysed by Ijyb for 5 turns
  1776 | D:3      | Killed Ijyb
  1777 | D:3      | Reached skill level 1 in Shapeshifting
  1920 | D:3      | Reached skill level 1 in Spellcasting
  1926 | D:3      | Gained mutation: Your demonic aura sometimes causes spilled
                  | blood to erupt in flames. [demonic ancestry]
  1926 | D:3      | Reached XP level 5. HP: 36/42 MP: 6/6
  1935 | D:3      | Noticed Robin
  1946 | D:3      | Killed Robin
  2112 | D:3      | Noticed Natasha
  2116 | D:3      | Killed Natasha
  2171 | D:3      | Found a faded altar of an unknown god.
  2283 | D:3      | Noticed Natasha
  2298 | D:3      | Killed Natasha
  2525 | D:3      | Found a runed translucent door.
  2526 | D:3      | Noticed Crazy Yiuf
  2552 | D:3      | Noticed Natasha
  2565 | D:3      | Killed Natasha
  2566 | D:3      | Reached skill level 1 in Evocations
  2780 | D:3      | Reached XP level 6. HP: 25/48 MP: 7/7
  3010 | D:3      | Killed Crazy Yiuf
  3059 | D:4      | Noticed Duvessa
  3059 | D:4      | Noticed Dowan
  3065 | D:4      | Killed Duvessa
  3066 | D:4      | Reached skill level 1 in Throwing
  3089 | D:4      | HP: 2/48 [Dowan/stone arrow (13)]
  3093 | D:4      | Killed from afar by Dowan

Illustrated notes

Levels and vault maps discovered:
D:1:      lightli_arrival_flooded_house, layout_basic
D:2:      layout_basic, basic_altar
D:3:      layout_basic, nicolae_overflow_crystal_walls,
          shapermc_ecumenical_altar_rom_forum, kennysheep_generic_room_2,
          uniq_natasha, uniq_robin, uniq_ijyb, uniq_crazy_yiuf_cottage
D:4:      layout_cave_pools, minmay_temple_entry_stoned_glass,
          mainiacjoe_sewer_entry_somewhere_in_here_2, minmay_crystal_room,
          uniq_duvessa, uniq_eustachio, uniq_menkaure

Skill      XL: |  1  2  3  4  5  6 |
---------------+-------------------+-----
Unarmed Combat | 2 3 4 |  4.0
Armour         | 3 |  3.0
Shields        | 3 |  3.0
Fighting       | 4 |  4.1
Dodging        | 1 |  1.0
Shapeshifting  | 1 2 |  2.9
Spellcasting   | 1 |  1.0
Evocations     | 1 |  1.0
Throwing       | 1 |  1.0
Stealth        | |  0.4

Action                     |  1- 3 |  4- 6 || total
---------------------------+-------+-------++-------
  Melee: Unarmed           |   162 |   206 ||   368
  Throw: Stone             |     3 |     3 ||     6
    Use: Potion            |       |     3 ||     3
 Armour: Scale mail        |    33 |       ||    33
         Chain mail        |    98 |   163 ||   261
  Dodge: Dodged            |    62 |    67 ||   129
  Block: Buckler           |    42 |    44 ||    86

Table legend: (Time is in decaauts)
 A = Elapsed time spent in this place.
 B = Non-inter-level travel time spent in this place.
 C = Inter-level travel time spent in this place.
 D = Time resting spent in this place.
 E = Time spent auto-exploring this place.
 F = Levels seen in this place.
 G = Mean time per level.
                   A        B        C        D        E       F      G
               +--------+--------+--------+--------+--------+-----+--------+
         Total |   3100 |   2792 |    308 |    501 |   1360 |   4 |  775.0 |
       Dungeon |   3100 |   2792 |    308 |    501 |   1360 |   4 |  775.0 |
               +--------+--------+--------+--------+--------+-----+--------+

Top non-repeatable levels by time:
     D:3: 1447 daAuts
     D:2: 829 daAuts
     D:1: 791 daAuts
     D:4: 32 daAuts
